 Dungeon Crawl Stone Soup version bcrawl-1.37.2 (webtiles) character file.

Game seed: 8062576417131631106

122127 Alitron123 the Charmwright (level 3, -1/30 HPs)
             Began as a Draconian Skald on Jan 24, 2023.
             Slain by a worm (5 damage)
             ... on level 2 of the Dungeon.
             The game lasted 00:01:38 (1198 turns).

Alitron123 the Charmwright (Draconian Skald)        Turns: 1198, Time: 00:01:38

Health: -1/30      AC:  5    Str: 14    XL:     3   Next: 41%
Magic:  6/6        EV: 12    Int: 13    God:
Gold:   100        SH:  0    Dex: 10    Spells: 5/6 levels left

rFire    . . .     GDR:     22% a - +0 rapier
rCold    . . .     SeeInvis .   (no shield)
rNeg     . . .     Gourm    .   (armour unavailable)
rPois    .         Faith    .   (helmet restricted)
rElec    .         Spirit   .   (no cloak)
rCorr    .         Reflect  .   (no gloves)
MR       .....                  (no boots)
Stlth    +.........             c - amulet of magic regeneration
HPRegen  0.15/turn              (no ring)
MPRegen  0.18/turn              (no ring)

@: no status effects
A: unfitting armour, cold-blooded, AC +5
a: no special abilities


You were on level 2 of the Dungeon.
You were hungry.

You visited 1 branch of the dungeon, and saw 2 of its levels.

You collected 100 gold pieces.

Inventory:

Hand Weapons
 a - a +0 rapier (weapon)
Jewellery
 c - an amulet of magic regeneration (around neck)
Scrolls
 b - a scroll of remove curse {unknown}
 d - a scroll of fear
 f - a scroll of enchant armour {unknown}
 i - a scroll of identify
 m - a scroll of enchant weapon {unknown}
 n - a scroll of teleportation {unknown}
Potions
 g - a potion of lignification {unknown}
 h - a potion of flight {unknown}
 j - a potion of resistance {unknown}
 k - a potion of brilliance {unknown}
Comestibles
 e - a ration {!d}
 l - 2 chunks of flesh


   Skills:
 + Level 2.4 Fighting
 + Level 3.0 Short Blades
 + Level 2.4 Dodging
 + Level 2.1 Spellcasting
 + Level 3.0 Charms


You had 5 spell levels left.
You knew the following spells:

 Your Spells              Type           Power        Failure   Level  Hunger
a - Infusion              Chrm           #.......     8%          1    None

Your spell library contained the following spells:

 Spells                   Type           Power        Failure   Level  Hunger
 Song of Slaying          Chrm           #.......     11%         2    ##.....
 Swiftness                Chrm/Air       #.......     21%         2    ##.....
 Ozocubu's Armour         Chrm/Ice       #.......     38%         3    ####...
 Regeneration             Chrm/Necr      #.........   38%         3    ####...
 Spectral Weapon          Hex/Chrm       #.......     38%         3    ####...


Dungeon Overview and Level Annotations

Branches:
Dungeon (2/12)

Altars:


Innate Abilities, Weirdness & Mutations

Your plain brown scales are hard. (AC +5)
You cannot fit into any form of body armour.
You are cold-blooded and may be slowed by cold attacks.


Message History

The giant cockroach closely misses you. The jackal barely misses you.
The giant cockroach barely misses you. The jackal barely misses you.
You puncture the giant cockroach!
You kill the giant cockroach!
The jackal barely misses you.
Your Short Blades skill increases to level 3!
The jackal barely misses you. The worm bites you.
* * * LOW HITPOINT WARNING * * *
You see here a +0 dagger.
You barely miss the worm.
The jackal bites you but does no damage. x2
The worm bites you.
* * * LOW HITPOINT WARNING * * *
You hit the worm.
Your tail-slap misses the worm.
The worm is lightly wounded.
The jackal barely misses you.
You barely miss the worm.
The worm is lightly wounded.
The jackal closely misses you. The worm bites you.
You die...

##.....###....#
#.....†.##....#
#.......##....###
#.......#........
##...............
#####.......##.......
#...........##.......
#..###h..........##...
# ##w@............#...
#..###............>.
........##
##.............
..####.##
#............. #.
##..........#.. ..
..............# #.#
###..<......##. #.
##......).## ##
#......[...#


You could see a worm and a jackal.

Vanquished Creatures
  An ooze (D:2)
  A worm (D:2)
  2 leopard geckos
  An orc (D:2)
  4 bats
  A giant cockroach (D:2)
  A goblin (D:2)
  4 hobgoblins (D:1)
  4 jackals
  A ball python (D:2)
  A frilled lizard (D:2)
  6 kobolds
  7 rats
34 creatures vanquished.

Notes
Turn   | Place    | Note
-------+----------+-------------------------------------------
     0 | D:1      | Alitron123 the Draconian Skald began the quest for the Orb.
     0 | D:1      | Reached XP level 1. HP: 17/17 MP: 3/3
    73 | D:1      | Reached XP level 2. HP: 25/25 MP: 5/5
  1017 | D:2      | Reached XP level 3. HP: 30/30 MP: 6/6
  1198 | D:2      | Slain by a worm

Skill      XL: |  1  2  3 |
---------------+----------+-----
Charms         | 3 |  3.0
Short Blades   | 3 |  3.0
Fighting       | |  2.4
Dodging        | |  2.4
Spellcasting   | |  2.1

Action                   || total
-------------------------++-------
Melee: Rapier            ||    97
       Tailslap          ||     5
  Eat: Chunk             ||     2
Armor: Skin              ||    36
Dodge: Dodged            ||    74
